 Dungeon Crawl Stone Soup version 0.32-a0-120-gfac0567ad4 (webtiles) character file.

Game seed: 3223977587272155494

5686 cforsyth the Fighter (level 11, -17/88 HPs)
             Began as a Djinni Warper on Feb 7, 2024.
             Demolished by a freezing wraith (20 damage)
             ... on level 10 of the Dungeon.
             The game lasted 00:28:15 (12476 turns).

cforsyth the Fighter (Djinni Warper)               Turns: 12476, Time: 00:28:16

Health: -17/88     AC:  4    Str: 10    XL:     11   Next: 4%
Gold:   1224       EV: 12    Int: 19    God:
                   SH:  5    Dex: 15

rFire   + + +        a - +9 morningstar of the Twisting Gods {drain, *Noise rF+ Dex+2}
rCold   . . .        (no shield)
rNeg    . . .        b - +1 leather armour
rPois   ∞            (no helmet)
rElec   .            s - scarf {repulsion}
rCorr   .            (no gloves)
SInv    .            (boots unavailable)
Will    +....        g - amulet of reflection
Stlth   +            F - ring of protection from fire
HPRegen 0.34/turn    C - ring of ice
MPRegen 0.00/turn

%: repel missiles, reflection, infuse magic (-18 HP)
@: flying, slowed, very slow
A: sickness immunity, fire resistance 2, cold vulnerability 1, float, innate
caster, HP casting, extra vitality 1
a: no special abilities


You were on level 10 of the Dungeon.
You visited 1 branch of the dungeon, and saw 10 of its levels.
You also visited: Bailey.

You collected 1224 gold pieces.


Innate Abilities, Weirdness & Mutations

You are immune to sickness and miasma.
You are immune to poison.
Your flesh is very heat resistant. (rF++)
You are vulnerable to cold. (rC-)
You float through the air rather than walking.
You learn spells naturally, not from books.
Your magical power is your life essence.
You have superior vitality. (+4 MHP)


   Skills:
 + Level 11.6 Fighting
 - Level 1.7 Long Blades
 - Level 0.7 Throwing
 - Level 1.0 Armour
 - Level 2.1 Dodging
 + Level 9.1 Spellcasting
 + Level 9.1 Conjurations
 + Level 9.1 Hexes
 + Level 9.1 Summonings
 + Level 9.1 Necromancy
 + Level 9.1 Translocations
 + Level 9.1 Fire Magic
 + Level 9.1 Ice Magic
 + Level 9.1 Air Magic
 + Level 9.1 Earth Magic
 + Level 9.1 Alchemy


You knew the following spells:

 Your Spells              Type           Power      Damage    Failure   Level
c - Mephitic Cloud        Conj/Alch/Air  43%        N/A       1%          3
d - Dazzling Flash        Conj/Hex       86%        N/A       1%          3
l - Lesser Beckoning      Tloc           86%        N/A       1%          2
m - Manifold Assault      Tloc           43%        N/A       2%          4
t - Teleport Other        Tloc           43%        N/A       1%          3
y - Sticky Flame          Fire/Alch      43%        2d8       2%          4
z - Shock                 Conj/Air       100%       1d9       1%          1
B - Blink                 Tloc           86%        N/A       1%          2
X - Vhi's Electric Charg  Tloc/Air       86%        N/A       2%          4
Y - Momentum Strike       Conj/Tloc      86%        3d10      1%          2
Your spell library was empty.

Inventory:

Hand Weapons
 a - the +9 morningstar of the Twisting Gods (weapon) {drain, *Noise rF+ Dex+2}
   (You found it on level 7 of the Dungeon)

   Dex+2:     It affects your dexterity (+2).
   rF+:       It protects you from fire.
   *Noise:    It may make a loud noise when swung.
Missiles
 d - 7 darts of dispersal {=f=f}
 G - 3 throwing nets {=f=f}
 H - 4 curare-tipped darts {=f=f}
Armour
 b - a +1 leather armour (worn)
 s - a scarf of repulsion (worn)
Magical Staves
 r - a staff of conjuration {!a!a}
Jewellery
 g - an amulet of reflection (around neck)
 z - the Hermit's Pendant {Faith Invo=14 Evo=0 MP+5}
   (You found it on level 7 of the Dungeon)

   [amulet of faith]

   Invo=14: It sets your Invocations skill to 14.
   Evo=0: It sets your Evocations skill to 0.
   Faith:     It allows you to gain divine favour quickly.
   MP+5:      It affects your magic capacity (+5).
 C - a ring of ice (right hand)
 F - a ring of protection from fire (left hand)
Wands
 v - a wand of flame (10)
 A - a wand of paralysis (18)
 B - a wand of quicksilver (7)
 D - a wand of roots (10)
Scrolls
 c - a scroll of blinking
 e - a scroll of brand weapon
 f - 4 scrolls of fog
 j - 6 scrolls of teleportation {@r2@r2}
 m - 2 scrolls of fear
 u - a scroll of revelation {unknown}
 y - a scroll of poison {unknown}
 E - a scroll of amnesia {unknown}
 I - a scroll of enchant armour
Potions
 h - a potion of mutation {unknown}
 i - 5 potions of brilliance
 k - a potion of attraction
 l - 4 potions of resistance
 n - 4 potions of haste {@q3@q3}
 o - 5 potions of curing {@q1@q1}
 p - 5 potions of invisibility
 q - 2 potions of might
 t - 2 potions of experience
 w - a potion of cancellation {unknown}
 x - a potion of lignification

Dungeon Overview and Level Annotations

Branches:
Dungeon (10/15)               Orc (0/2) D:9          Bailey (visited)
 Temple: D:4-7         Lair: D:8-11

Altars:
Cheibriados
Elyvilon

Annotations:
D:3 2 transporters, ojifijod's ghost, weakling SpGl
D:4 Dowan; Duvessa
D:5 2 runed translucent doors, zenocrate's ghost, weakling VSDe

#####..######## ########.###
............... ............
............... ............
.............? .)>...>†....
...........## ######..####
...........# #..# ..>........#
#..####
...........################......
................@W.).............
######....#########°..........###
#....# ... #.########..#
#....#.... #$# #..# #....#....
#$# #..# #....^...
..#.########..# ######....#..
..#)..........### ..........#.O
...#.............. ..........#
... #.#.#######..##


You could see a freezing wraith.


Message History

Unknown command.
Casting: Shock (safe; 1% risk of failure)
Confirm with . or Enter, or press ? or * to list all spells.
Aiming: Shock (safe; 1% risk of failure)
Press: ? - help, Shift-Dir - straight line, f/p - two-headed ogre
Aim: a two-headed ogre, wielding a +0 dire flail and a +0 giant club (severely wounded, confused, 98% to hit)
The zap hits the freezing wraith.
The freezing wraith is almost destroyed.
The zap hits the two-headed ogre.
The two-headed ogre is almost dead.
The freezing wraith hits you!
* * * LOW HITPOINT WARNING * * *
The freezing wraith freezes you!!
* * * LOW HITPOINT WARNING * * *
The freezing wraith closely misses you.
Unknown command.
Casting: Shock (safe; 1% risk of failure)
Confirm with . or Enter, or press ? or * to list all spells.
Aiming: Shock (safe; 1% risk of failure)
Press: ? - help, Shift-Dir - straight line, f/p - two-headed ogre
Aim: a two-headed ogre, wielding a +0 dire flail and a +0 giant club (almost dead, confused, 98% to hit)
The zap hits the freezing wraith but does no damage.
The freezing wraith is almost destroyed.
The zap hits the two-headed ogre!
You kill the two-headed ogre!
* * * LOW HITPOINT WARNING * * *
The freezing wraith hits you!
* * * LOW HITPOINT WARNING * * *
The freezing wraith freezes you!!
You die...

Skill      XL: |  1  2  3  4  5  6  7  8  9 10 |
---------------+-------------------------------+-----
Spellcasting   | 3 4 5 6 7 9 |  9.1
Conjurations   | 3 4 5 6 7 9 |  9.1
Hexes          | 3 4 5 6 7 9 |  9.1
Summonings     | 3 4 5 6 7 9 |  9.1
Necromancy     | 3 4 5 6 7 9 |  9.1
Translocations | 3 4 5 6 7 9 |  9.1
Fire Magic     | 3 4 5 6 7 9 |  9.1
Ice Magic      | 3 4 5 6 7 9 |  9.1
Air Magic      | 3 4 5 6 7 9 |  9.1
Earth Magic    | 3 4 5 6 7 9 |  9.1
Alchemy        | 3 4 5 6 7 9 |  9.1
Fighting       | 3 4 5 6 8 9 11 | 11.6
Long Blades    | |  1.7
Throwing       | |  0.7
Armour         | |  1.0
Dodging        | |  2.1

Action                     |  1- 3 |  4- 6 |  7- 9 | 10-12 || total
---------------------------+-------+-------+-------+-------++-------
  Melee: Falchion          |   115 |     2 |    17 |       ||   134
         Punch             |     2 |       |     1 |       ||     3
         Morningstar       |       |       |     4 |    13 ||    17
   Cast: Shock             |       |   184 |   231 |   236 ||   651
         Blink             |       |     2 |     5 |     2 ||     9
         Momentum Strike   |       |       |    10 |     6 ||    16
         Dazzling Flash    |       |       |     1 |       ||     1
         Lesser Beckoning  |       |       |     1 |       ||     1
         Teleport Other    |       |       |     4 |     3 ||     7
         Mephitic Cloud    |       |       |     8 |    18 ||    26
         Manifold Assault  |       |       |     1 |     7 ||     8
  Evoke: Wand              |       |       |       |     4 ||     4
    Use: Scroll            |       |     4 |     8 |     7 ||    19
         Potion            |       |     1 |       |       ||     1
   Stab: Confused          |       |       |       |     1 ||     1
 Armour: Leather armour    |    67 |    39 |    81 |    59 ||   246
  Dodge: Dodged            |    93 |    27 |    63 |    53 ||   236
         Repelled          |       |       |     2 |     1 ||     3
  Block: Other             |       |    10 |    24 |    25 ||    59
         Reflection        |       |       |     1 |     4 ||     5

Levels and vault maps discovered:
D:1:      mrwooster_arrival_statue_3, layout_basic
D:2:      minmay_razor_zed, layout_rooms, basic_altar,
          chequers_serial_rivers_micro_c
D:3:      layout_basic, mainiacjoe_overflow_small_starburst,
          gammafunk_ghost_arena
D:4:      layout_cave_pools, lemuel_doored_altar,
          mainiacjoe_overflow_concentric_impassable,
          gammafunk_temple_of_torment, mainiacjoe_overflow_boulevard,
          lemuel_temple_firewalk_b, uniq_duvessa
D:5:      layout_basic, ebering_ghost_sewer_f, kennysheep_doodads
D:6:      layout_layer_cave, uniq_grinder
D:7:      layout_loops_ring, enter_bailey_5, serial_park_tiny_2
D:8:      layout_basic
D:9:      layout_basic, david_orc_1_choice
D:10:     minmay_coctagon, layout_long_grid, lemuel_tele_altar,
          nicolae_shop_i_like_big_books, uniq_maurice

Notes
Turn   | Place    | Note
-------+----------+-------------------------------------------
     0 | D:1      | cforsyth the Djinni Warper began the quest for the Orb.
     0 | D:1      | cforsyth set off with the following spells memorised:
                  | Blink, Lesser Beckoning, Teleport Other, Manifold Assault,
                  | Vhi's Electric Charge.
     0 | D:1      | Reached XP level 1. HP: 18/18 MP: 0/0
    37 | D:1      | Reached skill level 3 in Spellcasting
    37 | D:1      | Reached skill level 3 in Conjurations
    37 | D:1      | Reached skill level 3 in Hexes
    37 | D:1      | Reached skill level 3 in Summonings
    37 | D:1      | Reached skill level 3 in Necromancy
    37 | D:1      | Reached skill level 3 in Translocations
    37 | D:1      | Reached skill level 3 in Fire Magic
    37 | D:1      | Reached skill level 3 in Ice Magic
    37 | D:1      | Reached skill level 3 in Air Magic
    37 | D:1      | Reached skill level 3 in Earth Magic
    37 | D:1      | Reached skill level 3 in Alchemy
    88 | D:1      | Reached XP level 2. HP: 23/23 MP: 0/0
   292 | D:1      | Reached XP level 3. HP: 28/29 MP: 0/0
   292 | D:1      | Learned a level 1 spell: Shock
   591 | D:1      | Reached skill level 3 in Fighting
   858 | D:2      | Reached XP level 4. HP: 29/35 MP: 0/0
  1536 | D:2      | Reached XP level 5. HP: 36/41 MP: 0/0
  1536 | D:2      | Learned a level 2 spell: Momentum Strike
  1576 | D:2      | Found a white marble altar of Elyvilon.
  2074 | D:3      | Reached skill level 4 in Fighting
  2115 | D:3      | Found a transporter.
  2118 | D:3      | Found a transporter.
  2118 | D:3      | Noticed ojifijod's ghost (weakling SpGl)
  2300 | D:3      | Reached skill level 4 in Spellcasting
  2300 | D:3      | Reached skill level 4 in Conjurations
  2300 | D:3      | Reached skill level 4 in Hexes
  2300 | D:3      | Reached skill level 4 in Summonings
  2300 | D:3      | Reached skill level 4 in Necromancy
  2300 | D:3      | Reached skill level 4 in Translocations
  2300 | D:3      | Reached skill level 4 in Fire Magic
  2300 | D:3      | Reached skill level 4 in Ice Magic
  2300 | D:3      | Reached skill level 4 in Air Magic
  2300 | D:3      | Reached skill level 4 in Earth Magic
  2300 | D:3      | Reached skill level 4 in Alchemy
  2453 | D:3      | Reached XP level 6. HP: 30/47 MP: 0/0
  2636 | D:3      | Found a snail-covered altar of Cheibriados.
  3035 | D:4      | Noticed a sky beast
  3113 | D:4      | Noticed Dowan
  3115 | D:4      | Noticed Duvessa
  3480 | D:5      | Entered Level 5 of the Dungeon
  3619 | D:5      | Noticed a water moccasin
  3785 | D:5      | Reached skill level 5 in Fighting
  3792 | D:5      | Reached XP level 7. HP: 33/54 MP: 0/0
  3792 | D:5      | Learned a level 3 spell: Dazzling Flash
  4057 | D:5      | Killed a water moccasin
  4058 | D:5      | Reached skill level 5 in Spellcasting
  4058 | D:5      | Reached skill level 5 in Conjurations
  4058 | D:5      | Reached skill level 5 in Hexes
  4058 | D:5      | Reached skill level 5 in Summonings
  4058 | D:5      | Reached skill level 5 in Necromancy
  4058 | D:5      | Reached skill level 5 in Translocations
  4058 | D:5      | Reached skill level 5 in Fire Magic
  4058 | D:5      | Reached skill level 5 in Ice Magic
  4058 | D:5      | Reached skill level 5 in Air Magic
  4058 | D:5      | Reached skill level 5 in Earth Magic
  4058 | D:5      | Reached skill level 5 in Alchemy
  4150 | D:5      | Found a runed translucent door.
  4155 | D:5      | Noticed zenocrate's ghost (weakling VSDe)
  4196 | D:5      | Found a runed translucent door.
  4213 | D:5      | Reached skill level 6 in Fighting
  4354 | D:5      | Reached XP level 8. HP: 57/62 MP: 0/0
  5423 | D:6      | Reached skill level 7 in Fighting
  5635 | D:6      | Reached skill level 6 in Spellcasting
  5635 | D:6      | Reached skill level 6 in Conjurations
  5635 | D:6      | Reached skill level 6 in Hexes
  5635 | D:6      | Reached skill level 6 in Summonings
  5635 | D:6      | Reached skill level 6 in Necromancy
  5635 | D:6      | Reached skill level 6 in Translocations
  5635 | D:6      | Reached skill level 6 in Fire Magic
  5635 | D:6      | Reached skill level 6 in Ice Magic
  5635 | D:6      | Reached skill level 6 in Air Magic
  5635 | D:6      | Reached skill level 6 in Earth Magic
  5635 | D:6      | Reached skill level 6 in Alchemy
  5939 | D:6      | Noticed Grinder
  5948 | D:6      | Paralysed by Grinder for 3 turns
  5953 | D:6      | Killed Grinder
  5954 | D:6      | Reached skill level 8 in Fighting
  5954 | D:6      | Reached XP level 9. HP: 42/70 MP: 0/0
  5954 | D:6      | Learned a level 3 spell: Mephitic Cloud
  6913 | D:7      | Identified a scroll of acquirement
  6913 | D:7      | Acquired 615 gold pieces
  6925 | D:7      | Found a flagged portal.
  6990 | Bailey   | Entered a bailey
  7442 | Bailey   | Noticed an orc knight
  7448 | Bailey   | Reached skill level 7 in Spellcasting
  7448 | Bailey   | Reached skill level 7 in Conjurations
  7448 | Bailey   | Reached skill level 7 in Hexes
  7448 | Bailey   | Reached skill level 7 in Summonings
  7448 | Bailey   | Reached skill level 7 in Necromancy
  7448 | Bailey   | Reached skill level 7 in Translocations
  7448 | Bailey   | Reached skill level 7 in Fire Magic
  7448 | Bailey   | Reached skill level 7 in Ice Magic
  7448 | Bailey   | Reached skill level 7 in Air Magic
  7448 | Bailey   | Reached skill level 7 in Earth Magic
  7448 | Bailey   | Reached skill level 7 in Alchemy
  7471 | Bailey   | Killed an orc knight
  7472 | Bailey   | Reached skill level 9 in Fighting
  7893 | D:7      | Found the Hermit's Pendant {Faith Invo=14 Evo=0 MP+5}
  8014 | D:7      | Identified the +9 morningstar of the Twisting Gods {drain,
                  | *Noise rF+ Dex+2}
  8329 | D:7      | Reached XP level 10. HP: 75/78 MP: 0/0
  8805 | D:8      | Identified 4 potions of resistance
  8955 | D:8      | Reached skill level 10 in Fighting
  8967 | D:8      | Reached skill level 8 in Spellcasting
  8967 | D:8      | Reached skill level 8 in Conjurations
  8967 | D:8      | Reached skill level 8 in Hexes
  8967 | D:8      | Reached skill level 8 in Summonings
  8967 | D:8      | Reached skill level 8 in Necromancy
  8967 | D:8      | Reached skill level 8 in Translocations
  8967 | D:8      | Reached skill level 8 in Fire Magic
  8967 | D:8      | Reached skill level 8 in Ice Magic
  8967 | D:8      | Reached skill level 8 in Air Magic
  8967 | D:8      | Reached skill level 8 in Earth Magic
  8967 | D:8      | Reached skill level 8 in Alchemy
  9937 | D:9      | Found a staircase to the Orcish Mines.
  9938 | D:9      | Noticed a two-headed ogre
  9969 | D:9      | Killed a two-headed ogre
 10876 | D:9      | Reached skill level 11 in Fighting
 11762 | D:10     | Entered Level 10 of the Dungeon
 11840 | D:10     | Reached skill level 9 in Spellcasting
 11840 | D:10     | Reached skill level 9 in Conjurations
 11840 | D:10     | Reached skill level 9 in Hexes
 11840 | D:10     | Reached skill level 9 in Summonings
 11840 | D:10     | Reached skill level 9 in Necromancy
 11840 | D:10     | Reached skill level 9 in Translocations
 11840 | D:10     | Reached skill level 9 in Fire Magic
 11840 | D:10     | Reached skill level 9 in Ice Magic
 11840 | D:10     | Reached skill level 9 in Air Magic
 11840 | D:10     | Reached skill level 9 in Earth Magic
 11840 | D:10     | Reached skill level 9 in Alchemy
 12055 | D:10     | Reached XP level 11. HP: 57/87 MP: 0/0
 12055 | D:10     | Learned a level 4 spell: Sticky Flame
 12247 | D:10     | Noticed a two-headed ogre
 12476 | D:10     | Killed a two-headed ogre
 12476 | D:10     | HP: 3/88 [freezing wraith (12)]
 12476 | D:10     | Demolished by a freezing wraith

Vanquished Creatures
  2 two-headed ogres
  An orc knight (Bailey)
  A hornet (D:9)
  Grinder (D:6)
  A wyvern (D:10)
  A shadow (D:10)
  A water moccasin (D:5)
  3 orc warriors
  2 sky beasts (D:7)
  An ogre (D:5)
  3 centaurs
  3 bullfrogs (D:8)
  2 gnoll sergeants
  3 scorpions
  7 wights (D:6)
  14 killer bees
  2 howler monkeys (D:9)
  4 bombardier beetles
  2 gnoll boudas
  11 orc priests
  4 hounds
  A sleepcap (D:8)
  3 iguanas
  8 orc wizards
  8 adders
  29 gnolls
  2 shadow imps
  2 ufetubi (D:6)
  5 dart slugs
  3 ribbon worms (D:2)
  47 orcs
  7 endoplasms
  4 giant cockroaches
  7 hobgoblins
  3 jackals (D:1)
  12 ball pythons
  9 bats
  5 frilled lizards
  13 goblins
  11 kobolds
  8 rats
256 creatures vanquished.

Vanquished Creatures (others)
  A kobold brigand (D:9)
1 creature vanquished.

Grand Total: 257 creatures vanquished

Table legend: (Time is in decaauts)
 A = Elapsed time spent in this place.
 B = Non-inter-level travel time spent in this place.
 C = Inter-level travel time spent in this place.
 D = Time resting spent in this place.
 E = Time spent auto-exploring this place.
 F = Levels seen in this place.
 G = Mean time per level.
                   A        B        C        D        E       F      G
               +--------+--------+--------+--------+--------+-----+--------+
         Total |  12516 |  12310 |    206 |   1091 |   8946 |  11 | 1137.8 |
       Dungeon |  11741 |  11535 |    206 |    900 |   8572 |  10 | 1174.1 |
        Bailey |    774 |    774 |      0 |    191 |    374 |   1 |  774.0 |
               +--------+--------+--------+--------+--------+-----+--------+

Top non-repeatable levels by time:
     D:6: 2089 daAuts
     D:8: 1755 daAuts
     D:9: 1457 daAuts
     D:5: 1332 daAuts
     D:3: 1217 daAuts
     D:2: 959 daAuts
     D:1: 946 daAuts
     D:7: 876 daAuts
  Bailey: 774 daAuts
    D:10: 714 daAuts
     D:4: 391 daAuts

Table legend:
 A = Non-vault XP
 B = Vault XP
 C = Vault XP percentage of total XP
 D = Non-vault monster count
 E = Vault monster count
 F = Vault count percentage of total count
                 A         B        C        D         E       F
            +---------+---------+-------+---------+---------+-------
      Total |    7315 |    1631 |  18.2 |     208 |      49 |  19.1
            +---------+---------+-------+---------+---------+-------
        D:1 |      57 |       0 |   0.0 |      36 |       0 |   0.0
        D:2 |      58 |      30 |  34.1 |      13 |      13 |  50.0
        D:3 |     154 |       0 |   0.0 |      24 |       0 |   0.0
        D:4 |      80 |       0 |   0.0 |      11 |       0 |   0.0
        D:5 |     746 |       0 |   0.0 |      23 |       0 |   0.0
        D:6 |    1202 |     267 |  18.2 |      30 |       1 |   3.2
        D:7 |     591 |       7 |   1.2 |      12 |       4 |  25.0
        D:8 |     888 |     129 |  12.7 |      22 |       1 |   4.3
        D:9 |    1889 |     370 |  16.4 |      25 |       8 |  24.2
       D:10 |    1650 |       0 |   0.0 |      12 |       0 |   0.0
     Bailey |       0 |     828 | 100.0 |       0 |      22 | 100.0
            +---------+---------+-------+---------+---------+-------
